Map: Crête de Lerilak

Players

RitaVrataski

  • Race: Terran Terran
  • League: Diamond

SnOw - Winner!

  • Race: Protoss Protoss
  • League: Diamond

VOD

https://www.youtube.com/watch?v=Lrnw9MNg2Cw

Description

Time

  • Played on: Nov. 20, 2015, 3:42 p.m.
  • Length: 4:59
Show
View Real Time Build Order
Export as new Build Order

RitaVrataski Terran 

Build Orders: Command Center First (CC) 

Get SALT Encoding   

  12  0:01  SCV  
  13  0:13  SCV  
  14  0:17  Supply Depot  
  14  0:26  SCV  
  15  0:39  SCV  
  16  0:51  SCV  
  17  1:03  Command Center, SCV  
  18  1:15  SCV  
  18  1:18  Barracks  
  19  1:28  SCV  
  20  1:33  Barracks  
  20  1:40  SCV  
  21  1:52  SCV  
  22  2:05  Orbital Command  
  22  2:06  Marine  
  23  2:14  Orbital Command  
  23  2:23  Marine x2  
  23  2:26  Refinery x2  
  23  2:27  Bunker  
  25  2:35  SCV  
  26  2:39  Barracks  
  26  2:50  SCV x2  
  26  2:51  Marine  
  30  3:05  Barracks Tech Lab  
  29  3:06  SCV x2  
  30  3:16  Marine  
  31  3:27  SCV x2  
  31  3:29  Marine x2  
  31  3:32  Supply Depot  
  35  3:37  Marine  
  35  3:39  SCV  
  35  3:40  SCV  
  38  3:47  Engineering Bay  
  38  3:49  Supply Depot  
  38  3:54  Marine x2  
  38  3:55  Supply Depot  
  40  3:57  SCV, Factory  
  40  3:58  SCV  
  40  4:02  Marine  
  42  4:05  Refinery  
  43  4:10  SCV x2  
  43  4:12  Supply Depot  
  43  4:15  Missile Turret  
  45  4:17  Missile Turret  
  45  4:18  Marine x2  
  45  4:20  Supply Depot, Marine  
  48  4:25  SCV x2  
  48  4:29  Refinery  
  50  4:36  Supply Depot  
  50  4:37  SCV x2  
  52  4:43  Starport  
  52  4:45  Factory Reactor  
  57  4:55  Supply Depot  
Show
View Real Time Build Order
Export as new Build Order

SnOw Protoss - Winner!

Build Orders:  

Get SALT Encoding   

  12  0:02  Probe (Chrono Boost)  
  13  0:12  Probe (Chrono Boost)  
  14  0:19  Pylon  
  14  0:23  Probe (Chrono Boost)  
  15  0:37  Probe (Chrono Boost)  
  15  0:39  Gateway  
  16  0:48  Probe (Chrono Boost)  
  17  0:52  Assimilator  
  17  0:59  Probe (Chrono Boost)  
  18  1:09  Probe (Chrono Boost), Pylon  
  19  1:20  Probe (Chrono Boost)  
  20  1:27  Cybernetics Core  
  20  1:30  Probe (Chrono Boost)  
  21  1:41  Probe (Chrono Boost)  
  22  1:53  Gateway  
  23  1:57  Pylon  
  22  2:03  Warp Gate (Chrono Boost)  
  22  2:11  Nexus  
  22  2:18  Probe  
  22  2:21  Assimilator  
  23  2:24  Adept (Chrono Boost)  
  25  2:30  Probe  
  26  2:43  Probe  
  27  2:52  Stalker x2  
  31  3:01  Robotics Facility  
  31  3:15  Gateway  
  31  3:16  Gateway  
  31  3:19  Probe  
  32  3:25  Probe  
  30  3:31  Probe  
  30  3:32  Sentry  
  30  3:34  Sentry  
  36  3:36  Probe  
  37  3:43  Probe  
  37  3:48  Warp Prism (Chrono Boost)  
  40  4:01  Mothership Core  
  42  4:13  Adept x3  
  42  4:14  Adept  
  50  4:26  Probe x2  
  50  4:29  Pylon  
  52  4:31  Pylon  
  52  4:37  Probe  
  52  4:38  Probe  
Tags
 
Add a new tag
Caveats
  • Supply blocks, unpowered buildings, or Contaminate may cause inaccurate times.
  • Supply counts are checked every 10 seconds.